 Dungeon Crawl Stone Soup version 0.25-a0-253-g6f1b5d974a (webtiles) character file.

Game seed: 15927251460330745423, levelgen mode: deterministic

18 goomeo the Firebug (level 2, -2/26 HPs)
             Began as an Ogre Fire Elementalist on Dec 5, 2019.
             Slain by Natasha (7 damage)
             ... on level 2 of the Dungeon.
             The game lasted 00:04:14 (1038 turns).

goomeo the Firebug (Ogre Fire Elementalist)         Turns: 1038, Time: 00:04:14

Health: -2/26      AC:  3    Str: 11    XL:     2   Next: 70%
Magic:  2/5        EV: 10    Int: 16    God:
Gold:   65         SH:  0    Dex:  9    Spells: 5/6 levels left

rFire    . . .     SeeInvis .   g - +0 club
rCold    . . .     Gourm    .   (no shield)
rNeg     . . .     Faith    .   a - +0 robe
rPois    .         Spirit   .   (helmet restricted)
rElec    .         Reflect  .   (no cloak)
rCorr    .         Harm     .   (gloves unavailable)
MR       .....     Rnd*Tele +   (boots unavailable)
Stlth    +.........             (no amulet)
HPRegen  0.08/turn              f - ring of teleportation (curse)
MPRegen  0.09/turn              (no ring)

@: slowed, very slow
A: large, unfitting armour, tough skin 1
a: no special abilities


You were on level 2 of the Dungeon.
You were not hungry.

You visited 1 branch of the dungeon, and saw 2 of its levels.

You collected 65 gold pieces.

Inventory:

Hand Weapons
 g - a +0 club (weapon)
Missiles
 e - 4 poisoned darts (quivered)
Armour
 a - a +0 robe (worn)
Jewellery
 f - a cursed ring of teleportation (left hand)
Potions
 b - a potion of lignification {unknown}
 d - a potion of curing
Comestibles
 c - a ration


   Skills:
 * Level 0.3 Fighting
 - Level 1.7 Dodging
 + Level 1.4 Stealth
 + Level 2.5 Spellcasting
 + Level 1.0 Conjurations
 + Level 3.3 Fire Magic


You had 5 spell levels left.
You knew the following spells:

 Your Spells              Type           Power        Failure   Level  Hunger
a - Foxfire               Conj/Fire      #...         9%          1    #......

Your spell library contained the following spells:

 Spells                   Type           Power        Failure   Level  Hunger
 Conjure Flame            Conj/Fire      #.......     24%         3    ###....
 Inner Flame              Hex/Fire       #.......     30%         3    ###....
 Sticky Flame             Conj/Fire      #.......     63%         4    #####..
 Fireball                 Conj/Fire      #.........   92%         5    ######.


Dungeon Overview and Level Annotations

Branches:
Dungeon (2/15)

Altars:

Annotations:
D:2 Natasha


Innate Abilities, Weirdness & Mutations

You are too large for most types of armour.
You have tough skin. (AC +1)


Message History

You feel troubled. Natasha barely misses you.
Casting: Foxfire (safe; 9% risk of failure)
Confirm with . or Enter, or press ? or * to list all spells.
You conjure some foxfire!
Natasha claws you.
The foxfire hits Natasha.
Natasha is moderately wounded.
Natasha claws you!
Natasha stares at you and mumbles some strange words.
The magic dart hits you!
* * * LOW HITPOINT WARNING * * *
Casting: Foxfire (safe; 9% risk of failure)
Confirm with . or Enter, or press ? or * to list all spells.
You conjure some foxfire!
Natasha stares at you and mumbles some strange words.
You resist with significant effort.
The foxfire hits Natasha.
Natasha is heavily wounded.
Natasha claws you!
You die...

#####.#
#.h(..#
#@# #v#
#.# #.#
#.# #.#
#.# #.#
#.#


You could see Natasha.

Vanquished Creatures
  An adder (D:2)
  2 goblins (D:1)
  A ball python (D:2)
  2 bats (D:1)
  A frilled lizard (D:1)
  2 kobolds (D:1)
  2 rats (D:1)
11 creatures vanquished.

Vanquished Creatures (others)
  30 foxfires
30 creatures vanquished.

Grand Total: 41 creatures vanquished

Notes
Turn   | Place    | Note
-------+----------+-------------------------------------------
     0 | D:1      | goomeo the Ogre Fire Elementalist began the quest for the
                  | Orb.
     0 | D:1      | Reached XP level 1. HP: 16/16 MP: 3/3
   306 | D:1      | Reached skill level 3 in Fire Magic
   374 | D:1      | Reached skill level 1 in Conjurations
   486 | D:1      | Reached XP level 2. HP: 20/26 MP: 1/5
  1029 | D:2      | Noticed Natasha
  1038 | D:2      | Slain by Natasha

Levels and vault maps discovered:
D:1:      wander_arrival_fairy_ring, layout_loops_ring
D:2:      layout_loops_ring, marbit_many_paths,
          wander_ebering_terrifying_dragon_lair, uniq_natasha, uniq_jessica

Skill      XL: |  1 |
---------------+----+-----
Fire Magic     | 3 |  3.3
Conjurations   | 1 |  1.0
Fighting       | |  0.3
Dodging        | |  1.7
Stealth        | |  1.4
Spellcasting   | |  2.5

Action                   || total
-------------------------++-------
Melee: Unarmed           ||     9
       Club              ||     4
Throw: Dart              ||     3
 Cast: Foxfire           ||    28
  Eat: Chunk             ||     1
Armor: Robe              ||    15
Dodge: Dodged            ||    20

Table legend:
 A = Non-vault XP
 B = Vault XP
 C = Vault XP percentage of total XP
 D = Non-vault monster count
 E = Vault monster count
 F = Vault count percentage of total count
                 A         B        C        D         E       F
            +---------+---------+-------+---------+---------+-------
      Total |      27 |       0 |   0.0 |      11 |       0 |   0.0
            +---------+---------+-------+---------+---------+-------
        D:1 |      13 |       0 |   0.0 |       9 |       0 |   0.0
        D:2 |      14 |       0 |   0.0 |       2 |       0 |   0.0
            +---------+---------+-------+---------+---------+-------
